 Dungeon Crawl Stone Soup version 0.28-a0-265-g048bc9fd10 (webtiles) character file.

Game seed: 2136192031527557753

172 zazu2006 the Sneak (level 5, -4/42 HPs)
             Began as a Naga Hedge Wizard on Aug 28, 2021.
             Slain by a sky beast (6 damage)
             ... on level 5 of the Dungeon.
             The game lasted 00:06:06 (3544 turns).

zazu2006 the Sneak (Naga Hedge Wizard)              Turns: 3544, Time: 00:06:07

Health: -4/42      AC:  3    Str: 10 (12) XL:     5   Next: 52%
Magic:  0/11       EV:  9    Int: 12 (15) God:
Gold:   181        SH:  0    Dex:  8 (11) Spells: 3/12 levels left

rFire   . . .      SeeInvis +   (no weapon)
rCold   . . .      Faith    .   (no shield)
rNeg    . . .      Spirit   .   k - +0 leather armour
rPois   +          Reflect  .   c - +0 hat
rElec   .          Harm     .   (no cloak)
rCorr   .          Rampage  .   (no gloves)
Will    .....                   (no barding)
Stlth   ++........              (no amulet)
HPRegen 0.14/turn               (no ring)
MPRegen 0.12/turn               (no ring)

@: very slow
A: AC +1, large, see invisible, deformed body, poison resistance, slowness 2,
spit poison 1, naga tail 1
a: Spit Poison


You were on level 5 of the Dungeon.
You visited 1 branch of the dungeon, and saw 5 of its levels.

You collected 181 gold pieces.

Inventory:

Armour
 b - a +0 robe
 c - a +0 hat (worn)
 k - a +0 leather armour (worn)
Jewellery
 j - a ring of ice
Scrolls
 d - 2 scrolls of magic mapping {unknown}
 e - a scroll of identify {unknown}
 i - a scroll of fear {unknown}
Potions
 a - a potion of curing
 h - a potion of degeneration


   Skills:
 + Level 0.2 Fighting
 + Level 2.2 Dodging
 + Level 4.2 Stealth
 + Level 4.1 Spellcasting
 + Level 2.2 Conjurations
 + Level 1.0 Summonings
 + Level 1.0 Translocations
 * Level 2.4 Poison Magic


You had 3 spell levels left.
You knew the following spells:

 Your Spells              Type           Power      Damage    Failure   Level
a - Magic Dart            Conj           28%        1d4       12%         1
b - Mephitic Cloud        Conj/Pois/Air  6%         N/A       43%         3
c - Conjure Flame         Conj/Fire      5%         6-21      50%         3
d - Blink                 Tloc           N/A        N/A       30%         2

Your spell library contained the following spells:

 Spells                   Type           Power      Damage    Failure   Level
 Call Imp                 Summ           4%         N/A       30%         2
 Slow                     Hex            2%         N/A       41%         2
 Sublimation of Blood     Necr           1%         N/A       41%         2
 Petrify                  Tmut/Erth      2%         N/A       96%         4
 Irradiate                Conj/Tmut      2%         3d14      99%         5


Dungeon Overview and Level Annotations

Branches:
Dungeon (5/15)
 Temple: D:4-7

Altars:
Nemelex Xobeh

Annotations:
D:4 Grinder


Innate Abilities, Weirdness & Mutations

Your serpentine skin is tough. (AC +1)
You have supernaturally acute eyesight. (SInv)
Armour fits poorly on your strangely shaped body.
Your system is resistant to poisons. (rPois)
You cover ground very slowly.
You can spit poison.
You have a snake-like lower body.


Message History

You have got your breath back.
The sky beast hits you but does no damage.
The sky beast hits you. The sky beast shocks you.
The sky beast flickers out of sight for a moment.
There is a stone staircase leading up here.
The sky beast hits you. The sky beast shocks you.
* * * LOW HITPOINT WARNING * * *
Casting: Mephitic Cloud (quite dangerous; 43% risk of failure)
Confirm with . or Enter, or press ? or * to list all spells.
The spell is quite dangerous to cast (43% risk of failure)!
Continue anyway?
Okay, then.
Unknown command.
Casting: Mephitic Cloud (quite dangerous; 43% risk of failure)
Confirm with . or Enter, or press ? or * to list all spells.
The spell is quite dangerous to cast (43% risk of failure)!
Continue anyway?
Aiming: Mephitic Cloud (quite dangerous; 43% risk of failure)
Press: ? - help, Shift-Dir - straight line, f/p - sky beast
Aim: a sky beast (moderately wounded, slightly transparent, chance to affect: 77%)
The ball explodes into a vile cloud!
The stinking cloud engulfs the sky beast but does no damage.
The sky beast is moderately wounded.
The stinking cloud engulfs you but does no damage.
The sky beast is engulfed in noxious fumes.
The sky beast hits you but does no damage.
The sky beast is engulfed in noxious fumes.
The sky beast appears confused.
The sky beast is attracted toward you.
You feel less attractive to monsters.
You catch the helpless sky beast completely off-guard!
You hit the sky beast but do no damage.
The sky beast is moderately wounded.
The sky beast is engulfed in noxious fumes.
The sky beast hits you.
* * * LOW HITPOINT WARNING * * *
The sky beast shocks you.
* * * LOW HITPOINT WARNING * * *
The sky beast is engulfed in noxious fumes.
The sky beast hits you.
* * * LOW HITPOINT WARNING * * *
The sky beast shocks you.
You die...

#..###'###..........#########
#..#.....#.#................#
#..#.....#.##########.#####..
#..#.._..#.# #####.##
#..#.....#.# ##......#
#..#.....#.# ##...##..#
#..#######.#
##....§#..#######.
#..........#
#...°°°...........
#.#####....#
#.@Y..†##..#####.. #.# #.####
#.#...###..# #.# #.# #.##.##
#..# #.# #.# #.##.# #..# #.#
#.# #.##.# #..# #.#
##.######.##.# #..#
#.####............# #..#
#.........####.####
#.####....# ##.##


You could see a sky beast (confused).

Vanquished Creatures
  Jessica (D:2)
  2 orc wizards (D:4)
  4 adders
  A white imp (D:5)
  3 worms (D:2)
  3 orcs (D:4)
  5 ball pythons
  A bat (D:1)
  3 endoplasms (D:2)
  2 giant cockroaches (D:2)
  7 goblins
  4 hobgoblins
  3 kobolds
  2 quokkas
  2 frilled lizards (D:1)
  3 rats
46 creatures vanquished.

Notes
Turn   | Place    | Note
-------+----------+-------------------------------------------
     0 | D:1      | zazu2006 the Naga Hedge Wizard began the quest for the Orb.
     0 | D:1      | Reached XP level 1. HP: 15/15 MP: 4/4
   211 | D:1      | Reached XP level 2. HP: 22/22 MP: 1/6
   582 | D:1      | Found a faded altar of an unknown god.
   791 | D:2      | Reached XP level 3. HP: 28/28 MP: 1/8
   795 | D:2      | Learned a level 3 spell: Mephitic Cloud
   799 | D:2      | Learned a level 3 spell: Conjure Flame
   802 | D:2      | Learned a level 2 spell: Blink
  1157 | D:2      | Noticed Jessica
  1164 | D:2      | Killed Jessica
  1165 | D:2      | Reached skill level 1 in Poison Magic
  1165 | D:2      | Reached XP level 4. HP: 23/36 MP: 5/10
  2618 | D:3      | You fall into a shaft and drop 1 floor!
  2718 | D:4      | Reached XP level 5. HP: 38/42 MP: 6/11
  2970 | D:4      | Noticed a black bear
  3000 | D:5      | Entered Level 5 of the Dungeon
  3234 | D:4      | Noticed Grinder
  3368 | D:5      | Found a sparkling altar of Nemelex Xobeh.
  3468 | D:5      | Noticed a sky beast
  3507 | D:4      | Noticed a steam dragon
  3544 | D:5      | HP: 2/42 [sky beast (2)]
  3544 | D:5      | Slain by a sky beast

Illustrated notes

Levels and vault maps discovered:
D:1:      matt_arrival_grand_opening, layout_rooms,
          shapermc_ecumenical_altar_ellora, hangedman_decor_lopped,
          minmay_circled_x
D:2:      layout_basic, uniq_jessica
D:3:      layout_basic, lemuel_doored_altar, kennysheep_small_spiral,
          minivault_5
D:4:      layout_cave_pods, minmay_goblin_kobold_house, uniq_grinder
D:5:      minmay_recursive_quarters, layout_loops_ring, amcnicky_altar_gilded,
          tso_altar, serial_shops, nicolae_shop_waterfront, grunt_decor_cap,
          kennysheep_generic_room_7

Skill      XL: |  1  2  3  4  5 |
---------------+----------------+-----
Stealth        | 4 |  4.2
Spellcasting   | 4 |  4.1
Poison Magic   | 1 2 |  2.4
Dodging        | 2 |  2.2
Conjurations   | 2 |  2.2
Fighting       | |  0.2
Summonings     | |  1.0
Translocations | |  1.0

Action                   |  1- 3 |  4- 6 || total
-------------------------+-------+-------++-------
Melee: Dagger            |    12 |       ||    12
       Unarmed           |       |    10 ||    10
 Cast: Magic Dart        |    50 |    72 ||   122
       Mephitic Cloud    |       |     7 ||     7
 Abil: Spit Poison       |     8 |    14 ||    22
  Use: Potion            |       |     4 ||     4
 Stab: Confused          |       |     1 ||     1
Armor: Robe              |     4 |       ||     4
       Leather armour    |       |    15 ||    15
       Skin              |       |     1 ||     1
Dodge: Dodged            |    15 |    19 ||    34

Table legend: (Time is in decaauts)
 A = Elapsed time spent in this place.
 B = Non-inter-level travel time spent in this place.
 C = Inter-level travel time spent in this place.
 D = Time resting spent in this place.
 E = Time spent auto-exploring this place.
 F = Levels seen in this place.
 G = Mean time per level.
                   A        B        C        D        E       F      G
               +--------+--------+--------+--------+--------+-----+--------+
         Total |   4227 |   4181 |     46 |    225 |   3426 |   5 |  845.4 |
       Dungeon |   4227 |   4181 |     46 |    225 |   3426 |   5 |  845.4 |
               +--------+--------+--------+--------+--------+-----+--------+

Top non-repeatable levels by time:
     D:2: 1822 daAuts
     D:1: 944 daAuts
     D:5: 603 daAuts
     D:4: 436 daAuts
     D:3: 420 daAuts
